[ PARTIDA AOE2 · #483174151 ]
UnrankedMagiares vs None
Equipo del jugador · DERR
Equipo rival · VICT
[ ANÁLISIS DE REPETICIÓN · EXTRAÍDO DE LA PARTIDA GRABADA ]
Feudal
—
Castillos
—
Imperial
—
| APM promedio | 33.4 |
| APM pico | 57 |
| eAPM promedio | 24.4 |
| Aldeanos / militares | 0 / 1694 |
Foco
⚔️ 89.4% · 🌾 10.6%
Knight ×1509 · Battering Ram ×185
Feudal
—
Castillos
—
Imperial
—
| APM promedio | 31.8 |
| APM pico | 71 |
| eAPM promedio | 4.9 |
| Aldeanos / militares | 0 / 0 |
Foco
⚔️ 91.8% · 🌾 8.2%
Feudal
—
Castillos
—
Imperial
—
| APM promedio | 52.8 |
| APM pico | 85 |
| eAPM promedio | 15.2 |
| Aldeanos / militares | 0 / 430 |
Foco
⚔️ 94.4% · 🌾 5.6%
Archer ×430
Feudal
—
Castillos
—
Imperial
—
| APM promedio | 35.8 |
| APM pico | 70 |
| eAPM promedio | 11.9 |
| Aldeanos / militares | 0 / 773 |
Foco
⚔️ 70.2% · 🌾 29.8%
Knight ×773
Feudal
—
Castillos
—
Imperial
—
| APM promedio | 20.5 |
| APM pico | 52 |
| eAPM promedio | 7.7 |
| Aldeanos / militares | 0 / 233 |
Foco
⚔️ 92.9% · 🌾 7.1%
Cavalry Archer ×128 · Knight ×50 · Spearman ×39 · Scout Cavalry ×16
Feudal
—
Castillos
—
Imperial
—
| APM promedio | 19.8 |
| APM pico | 53 |
| eAPM promedio | 9.8 |
| Aldeanos / militares | 0 / 693 |
Foco
⚔️ 94.7% · 🌾 5.3%
Cavalry Archer ×276 · Knight ×227 · Battle Elephant ×190
Feudal
—
Castillos
—
Imperial
—
| APM promedio | 12.8 |
| APM pico | 30 |
| eAPM promedio | 7.5 |
| Aldeanos / militares | 0 / 346 |
Foco
⚔️ 87.5% · 🌾 12.5%
Cavalry Archer ×209 · Camel Scout ×111 · Archer ×25 · Knight ×1
Feudal
—
Castillos
—
Imperial
—
| APM promedio | 15.6 |
| APM pico | 86 |
| eAPM promedio | 14.9 |
| Aldeanos / militares | 0 / 369 |
Foco
⚔️ 98.8% · 🌾 1.2%
Elephant Archer ×205 · Hand Cannoneer ×164
Mapa de la partida
Recursos iniciales + cada clic de construcción. Líneas = muros · curvas = relieve. ◆ oro · ⬟ piedra · ● bayas · ✦ reliquia · ◌ hueco del cierre
Tu base· Abierta — flanco sin cerrar
Base de I'M BETTER_ F U Bihhh· Abierta — flanco sin cerrar
Base de Plakoso· Abierta — flanco sin cerrar
Base de MAYONESA· ✓ Separados por el mapa
Base de DenTe_Auu· ✓ Separados por el mapa
Base de rev (i'm him) sparks· Abierta
Base de Sgto_Cabral· Abierta
Base de Pipemns95· Abierta
Terreno inicial suavizado · ◌ = hueco del cierre detectado · pasá el cursor para detalles
Inputs por minuto
— ♡AShyBunny♡ - - I'M BETTER_ F U Bihhh
Build order — ♡AShyBunny♡
Primeras 150 de 442 acciones detectadas
| 6:13 | Construir | Stable |
| 6:14 | Construir | Stable |
| 6:16 | Construir | Stable |
| 6:17 | Construir | Stable |
| 7:22 | Investigar | Bloodlines |
| 7:33 | Construir | Stable |
| 7:35 | Construir | Stable |
| 7:36 | Construir | Stable |
| 7:37 | Construir | Stable |
| 7:38 | Construir | Stable |
| 7:39 | Construir | Stable |
| 7:41 | Construir | Stable |
| 7:42 | Construir | Stable |
| 7:45 | Construir | Stable |
| 7:46 | Construir | Stable |
| 7:48 | Construir | Stable |
| 7:49 | Construir | Stable |
| 8:29 | Crear | Knight ×5 |
| 8:29 | Crear | Knight ×5 |
| 8:30 | Crear | Knight ×5 |
| 8:30 | Crear | Knight ×5 |
| 8:34 | Crear | Knight ×5 |
| 8:34 | Crear | Knight ×5 |
| 8:35 | Crear | Knight ×5 |
| 8:35 | Crear | Knight ×5 |
| 8:35 | Crear | Knight ×5 |
| 8:36 | Crear | Knight ×5 |
| 8:37 | Crear | Knight ×5 |
| 8:37 | Crear | Knight ×5 |
| 9:56 | Crear | Knight ×5 |
| 9:56 | Crear | Knight ×5 |
| 9:56 | Crear | Knight ×5 |
| 9:57 | Crear | Knight ×5 |
| 9:57 | Crear | Knight ×5 |
| 9:58 | Crear | Knight ×5 |
| 9:58 | Crear | Knight ×5 |
| 10:17 | Crear | Knight ×5 |
| 10:18 | Crear | Knight ×2 |
| 10:18 | Crear | Knight ×2 |
| 10:29 | Crear | Knight ×5 |
| 10:30 | Crear | Knight ×5 |
| 10:30 | Crear | Knight ×5 |
| 10:31 | Crear | Knight ×5 |
| 10:31 | Crear | Knight ×5 |
| 10:32 | Crear | Knight ×5 |
| 10:33 | Crear | Knight ×5 |
| 10:33 | Crear | Knight ×5 |
| 10:34 | Crear | Knight |
| 10:44 | Investigar | Chain Barding Armor |
| 10:45 | Investigar | Chain Mail Armor |
| 10:45 | Investigar | Bodkin Arrow |
| 10:45 | Investigar | Leather Archer Armor |
| 10:47 | Investigar | Treadmill Crane |
| 10:48 | Investigar | Ballistics |
| 10:49 | Investigar | Guard Tower (upgrade) |
| 10:49 | Investigar | Tech 908 |
| 10:50 | Investigar | Careening |
| 10:51 | Investigar | Corvinian Army |
| 10:56 | Construir | Stable |
| 10:57 | Construir | Stable |
| 11:07 | Construir | Stable |
| 11:09 | Construir | Stable |
| 11:12 | Construir | Stable |
| 11:14 | Construir | Stable |
| 11:15 | Construir | Stable |
| 11:22 | Construir | Stable |
| 11:24 | Construir | Stable |
| 11:25 | Construir | Stable |
| 11:29 | Crear | Knight ×5 |
| 11:29 | Crear | Knight ×5 |
| 11:30 | Crear | Knight ×5 |
| 11:30 | Crear | Knight ×5 |
| 11:31 | Crear | Knight ×5 |
| 11:31 | Crear | Knight ×5 |
| 11:31 | Crear | Knight ×5 |
| 11:33 | Crear | Knight ×5 |
| 11:33 | Crear | Knight ×5 |
| 11:33 | Crear | Knight ×5 |
| 11:41 | Crear | Knight |
| 11:41 | Crear | Knight |
| 11:59 | Crear | Knight ×4 |
| 12:00 | Crear | Knight ×5 |
| 12:00 | Crear | Knight ×5 |
| 12:01 | Crear | Knight ×5 |
| 12:01 | Crear | Knight ×5 |
| 12:17 | Investigar | Husbandry |
| 12:17 | Crear | Knight ×5 |
| 12:18 | Crear | Knight ×5 |
| 12:18 | Crear | Knight ×5 |
| 12:19 | Crear | Knight |
| 12:19 | Crear | Knight |
| 12:33 | Crear | Knight ×5 |
| 12:34 | Crear | Knight ×5 |
| 12:34 | Crear | Knight |
| 12:57 | Crear | Knight ×5 |
| 12:57 | Crear | Knight ×5 |
| 12:57 | Crear | Knight ×5 |
| 12:58 | Crear | Knight ×5 |
| 12:58 | Crear | Knight ×5 |
| 12:59 | Crear | Knight ×5 |
| 13:19 | Crear | Knight ×5 |
| 13:20 | Crear | Knight ×5 |
| 13:20 | Crear | Knight ×2 |
| 13:52 | Crear | Knight ×5 |
| 13:53 | Crear | Knight ×5 |
| 13:53 | Crear | Knight ×5 |
| 13:54 | Crear | Knight ×5 |
| 13:54 | Crear | Knight ×5 |
| 13:54 | Crear | Knight ×5 |
| 13:55 | Crear | Knight ×5 |
| 13:55 | Crear | Knight ×5 |
| 13:56 | Crear | Knight ×4 |
| 14:10 | Crear | Knight ×5 |
| 14:11 | Crear | Knight ×5 |
| 14:11 | Crear | Knight ×4 |
| 14:30 | Crear | Knight ×5 |
| 14:30 | Crear | Knight ×5 |
| 14:30 | Crear | Knight ×5 |
| 14:31 | Crear | Knight ×5 |
| 14:31 | Crear | Knight ×5 |
| 14:45 | Crear | Knight ×5 |
| 14:46 | Crear | Knight ×5 |
| 14:46 | Crear | Knight ×5 |
| 14:57 | Crear | Knight ×5 |
| 14:57 | Crear | Knight ×5 |
| 14:58 | Crear | Knight ×3 |
| 15:00 | Crear | Knight ×2 |
| 15:00 | Crear | Knight ×5 |
| 15:00 | Crear | Knight ×5 |
| 15:03 | Crear | Knight |
| 15:03 | Crear | Knight |
| 15:54 | Crear | Knight ×5 |
| 15:55 | Crear | Knight ×5 |
| 15:55 | Crear | Knight ×5 |
| 15:55 | Crear | Knight ×5 |
| 15:56 | Crear | Knight ×5 |
| 15:56 | Crear | Knight ×5 |
| 15:57 | Crear | Knight ×5 |
| 16:13 | Crear | Knight ×5 |
| 16:13 | Crear | Knight ×5 |
| 16:13 | Crear | Knight ×5 |
| 16:14 | Crear | Knight ×5 |
| 16:14 | Crear | Knight ×5 |
| 16:15 | Crear | Knight ×5 |
| 16:15 | Crear | Knight ×5 |
| 16:16 | Crear | Knight ×5 |
| 16:16 | Crear | Knight ×5 |
| 16:17 | Crear | Knight ×5 |
| 16:20 | Crear | Knight ×5 |
| 16:20 | Crear | Knight ×5 |
Build order — I'M BETTER_ F U Bihhh
36 acciones detectadas en el replay
| 20:26 | Construir | Stable |
| 20:29 | Construir | Stable |
| 20:31 | Construir | Stable |
| 20:33 | Construir | Stable |
| 20:35 | Construir | Stable |
| 20:36 | Construir | Stable |
| 20:38 | Construir | Stable |
| 20:39 | Construir | Stable |
| 20:41 | Construir | Stable |
| 20:42 | Construir | Stable |
| 20:43 | Construir | Stable |
| 20:45 | Construir | Stable |
| 20:51 | Construir | Archery Range |
| 20:53 | Construir | Archery Range |
| 20:55 | Construir | Archery Range |
| 20:56 | Construir | Archery Range |
| 20:58 | Construir | Archery Range |
| 21:43 | Investigar | Bloodlines |
| 23:34 | Construir | Stable |
| 23:35 | Construir | Stable |
| 23:38 | Construir | Stable |
| 23:39 | Construir | Stable |
| 23:40 | Construir | Stable |
| 23:42 | Construir | Stable |
| 23:46 | Construir | Stable |
| 23:51 | Construir | Stable |
| 23:53 | Construir | Stable |
| 24:00 | Construir | Archery Range |
| 24:02 | Construir | Archery Range |
| 24:05 | Construir | Archery Range |
| 24:06 | Construir | Archery Range |
| 24:07 | Construir | Archery Range |
| 24:08 | Construir | Archery Range |
| 24:10 | Construir | Archery Range |
| 24:11 | Construir | Archery Range |
| 24:12 | Construir | Archery Range |
Build order — Plakoso
121 acciones detectadas en el replay
| 19:49 | Construir | Archery Range |
| 19:51 | Construir | Archery Range |
| 19:53 | Construir | Archery Range |
| 19:54 | Construir | Archery Range |
| 21:04 | Construir | Archery Range |
| 21:05 | Construir | Archery Range |
| 21:06 | Construir | Archery Range |
| 21:08 | Construir | Archery Range |
| 21:22 | Construir | Archery Range |
| 21:23 | Construir | Archery Range |
| 23:31 | Construir | Archery Range |
| 23:32 | Construir | Archery Range |
| 24:02 | Investigar | Crossbowman (upgrade) |
| 24:03 | Investigar | Thumb Ring |
| 24:06 | Investigar | Ballistics |
| 24:09 | Investigar | Leather Archer Armor |
| 24:10 | Investigar | Bodkin Arrow |
| 24:41 | Crear | Archer ×5 |
| 24:41 | Crear | Archer ×5 |
| 24:42 | Crear | Archer ×5 |
| 24:42 | Crear | Archer ×5 |
| 24:42 | Crear | Archer ×5 |
| 24:42 | Crear | Archer ×5 |
| 24:43 | Crear | Archer ×5 |
| 24:43 | Crear | Archer ×5 |
| 24:43 | Crear | Archer ×5 |
| 25:03 | Construir | Archery Range |
| 25:04 | Construir | Archery Range |
| 25:33 | Crear | Archer ×5 |
| 25:33 | Crear | Archer ×5 |
| 25:33 | Crear | Archer ×5 |
| 25:34 | Crear | Archer ×5 |
| 25:34 | Crear | Archer ×5 |
| 25:34 | Crear | Archer ×5 |
| 25:57 | Crear | Archer ×5 |
| 25:57 | Crear | Archer ×5 |
| 25:58 | Crear | Archer ×5 |
| 25:58 | Crear | Archer ×5 |
| 25:58 | Crear | Archer ×5 |
| 25:58 | Crear | Archer ×5 |
| 25:59 | Crear | Archer ×5 |
| 26:08 | Construir | Archery Range |
| 26:12 | Construir | Archery Range |
| 26:36 | Investigar | Iron Casting |
| 26:38 | Investigar | Treadmill Crane |
| 26:41 | Crear | Archer ×5 |
| 26:42 | Crear | Archer ×5 |
| 26:42 | Crear | Archer ×5 |
| 26:42 | Crear | Archer ×5 |
| 26:42 | Crear | Archer ×5 |
| 26:43 | Crear | Archer ×5 |
| 26:43 | Crear | Archer ×5 |
| 27:15 | Crear | Archer ×5 |
| 27:15 | Crear | Archer ×5 |
| 27:15 | Crear | Archer ×5 |
| 27:16 | Crear | Archer ×5 |
| 27:16 | Crear | Archer ×5 |
| 27:16 | Crear | Archer ×5 |
| 27:42 | Crear | Archer ×5 |
| 27:42 | Crear | Archer ×5 |
| 27:42 | Crear | Archer ×5 |
| 27:42 | Crear | Archer ×5 |
| 27:43 | Crear | Archer ×5 |
| 27:43 | Crear | Archer ×5 |
| 27:43 | Crear | Archer ×5 |
| 27:44 | Crear | Archer ×5 |
| 27:58 | Crear | Archer ×5 |
| 27:58 | Crear | Archer ×5 |
| 27:59 | Crear | Archer ×5 |
| 27:59 | Crear | Archer ×5 |
| 27:59 | Crear | Archer ×5 |
| 27:59 | Crear | Archer ×5 |
| 28:00 | Crear | Archer ×5 |
| 28:00 | Crear | Archer ×5 |
| 28:00 | Crear | Archer ×5 |
| 28:17 | Crear | Archer ×5 |
| 28:17 | Crear | Archer ×5 |
| 28:17 | Crear | Archer ×5 |
| 28:17 | Crear | Archer ×5 |
| 28:18 | Crear | Archer ×5 |
| 28:23 | Construir | Archery Range |
| 28:24 | Construir | Archery Range |
| 28:26 | Construir | Archery Range |
| 28:28 | Construir | Archery Range |
| 28:29 | Construir | Archery Range |
| 28:31 | Construir | Archery Range |
| 28:37 | Crear | Archer ×5 |
| 28:37 | Crear | Archer ×5 |
| 28:38 | Crear | Archer ×5 |
| 28:38 | Crear | Archer ×5 |
| 28:38 | Crear | Archer ×5 |
| 28:39 | Crear | Archer ×5 |
| 29:08 | Crear | Archer ×5 |
| 29:08 | Crear | Archer ×5 |
| 29:09 | Crear | Archer ×5 |
| 29:09 | Crear | Archer ×5 |
| 29:09 | Crear | Archer ×5 |
| 29:10 | Crear | Archer ×5 |
| 29:10 | Crear | Archer ×5 |
| 29:10 | Crear | Archer ×2 |
| 29:19 | Crear | Archer ×5 |
| 29:19 | Crear | Archer ×5 |
| 29:19 | Crear | Archer ×3 |
| 29:20 | Crear | Archer ×2 |
| 29:20 | Crear | Archer ×2 |
| 29:37 | Crear | Archer ×5 |
| 29:37 | Crear | Archer ×5 |
| 29:37 | Crear | Archer ×5 |
| 29:38 | Crear | Archer ×5 |
| 29:38 | Crear | Archer |
| 29:46 | Construir | Archery Range |
| 29:47 | Construir | Archery Range |
| 29:48 | Construir | Archery Range |
| 30:46 | Crear | Archer ×5 |
| 30:47 | Crear | Archer ×5 |
| 30:47 | Crear | Archer ×5 |
| 30:47 | Crear | Archer ×5 |
| 30:47 | Crear | Archer ×5 |
| 30:48 | Crear | Archer ×5 |
| 30:48 | Crear | Archer ×5 |
| 30:48 | Crear | Archer ×5 |
Build order — MAYONESA
Primeras 150 de 202 acciones detectadas
| 4:11 | Investigar | Bodkin Arrow |
| 4:11 | Investigar | Leather Archer Armor |
| 4:22 | Investigar | Treadmill Crane |
| 4:23 | Investigar | Ballistics |
| 4:24 | Investigar | Guard Tower (upgrade) |
| 12:42 | Construir | Stable |
| 12:43 | Construir | Stable |
| 12:47 | Construir | Stable |
| 12:48 | Construir | Stable |
| 13:29 | Investigar | Husbandry |
| 15:16 | Crear | Knight ×5 |
| 15:17 | Crear | Knight ×5 |
| 15:17 | Crear | Knight ×5 |
| 15:17 | Crear | Knight ×5 |
| 15:18 | Crear | Knight ×5 |
| 15:18 | Crear | Knight ×5 |
| 15:18 | Crear | Knight ×5 |
| 15:19 | Crear | Knight ×5 |
| 15:19 | Crear | Knight ×5 |
| 15:57 | Construir | Stable |
| 16:20 | Crear | Knight ×5 |
| 16:20 | Crear | Knight ×5 |
| 16:20 | Crear | Knight ×5 |
| 16:21 | Crear | Knight ×5 |
| 16:21 | Crear | Knight ×5 |
| 16:21 | Crear | Knight ×3 |
| 16:53 | Crear | Knight ×5 |
| 16:53 | Crear | Knight ×5 |
| 16:53 | Crear | Knight ×5 |
| 16:53 | Crear | Knight ×5 |
| 16:54 | Crear | Knight ×5 |
| 17:29 | Crear | Knight ×5 |
| 17:29 | Crear | Knight ×5 |
| 17:30 | Crear | Knight ×5 |
| 17:30 | Crear | Knight ×5 |
| 17:35 | Construir | Stable |
| 17:36 | Construir | Stable |
| 17:39 | Construir | Stable |
| 18:29 | Crear | Knight ×5 |
| 18:29 | Crear | Knight ×5 |
| 18:29 | Crear | Knight ×5 |
| 18:30 | Crear | Knight ×5 |
| 18:40 | Crear | Knight ×5 |
| 18:40 | Crear | Knight ×5 |
| 18:41 | Crear | Knight ×5 |
| 18:41 | Crear | Knight ×5 |
| 18:41 | Crear | Knight ×5 |
| 19:12 | Crear | Knight ×5 |
| 19:13 | Crear | Knight ×5 |
| 19:13 | Crear | Knight ×5 |
| 19:13 | Crear | Knight ×5 |
| 19:14 | Crear | Knight ×5 |
| 19:14 | Crear | Knight ×5 |
| 19:53 | Crear | Knight ×5 |
| 19:53 | Crear | Knight ×5 |
| 19:53 | Crear | Knight ×5 |
| 20:09 | Construir | Stable |
| 20:15 | Crear | Knight ×5 |
| 20:15 | Crear | Knight ×5 |
| 20:15 | Crear | Knight ×5 |
| 20:15 | Crear | Knight ×5 |
| 20:16 | Crear | Knight ×5 |
| 20:49 | Crear | Knight ×5 |
| 20:49 | Crear | Knight ×5 |
| 20:50 | Crear | Knight ×5 |
| 20:50 | Crear | Knight ×2 |
| 20:50 | Crear | Knight ×2 |
| 21:03 | Construir | Stable |
| 21:04 | Construir | Stable |
| 21:06 | Construir | Stable |
| 21:10 | Crear | Knight ×5 |
| 21:10 | Crear | Knight ×5 |
| 21:11 | Crear | Knight ×5 |
| 21:11 | Crear | Knight ×5 |
| 21:11 | Crear | Knight ×5 |
| 21:21 | Crear | Knight ×5 |
| 21:21 | Crear | Knight ×5 |
| 21:21 | Crear | Knight ×5 |
| 21:42 | Crear | Knight ×4 |
| 21:42 | Crear | Knight ×4 |
| 21:42 | Crear | Knight ×5 |
| 21:43 | Crear | Knight ×5 |
| 21:43 | Crear | Knight ×5 |
| 22:26 | Crear | Knight ×5 |
| 22:26 | Crear | Knight ×5 |
| 22:27 | Crear | Knight ×5 |
| 22:27 | Crear | Knight ×5 |
| 22:27 | Crear | Knight ×5 |
| 22:28 | Crear | Knight ×5 |
| 22:28 | Crear | Knight ×5 |
| 22:48 | Crear | Knight ×5 |
| 22:48 | Crear | Knight ×5 |
| 22:48 | Crear | Knight ×5 |
| 22:48 | Crear | Knight ×3 |
| 22:49 | Crear | Knight ×3 |
| 23:25 | Crear | Knight ×5 |
| 23:26 | Crear | Knight ×5 |
| 23:26 | Crear | Knight ×5 |
| 23:26 | Crear | Knight ×5 |
| 23:27 | Crear | Knight ×5 |
| 23:27 | Crear | Knight ×5 |
| 23:27 | Crear | Knight ×4 |
| 23:41 | Crear | Knight ×2 |
| 23:42 | Crear | Knight ×2 |
| 23:43 | Crear | Knight |
| 23:43 | Crear | Knight ×2 |
| 23:44 | Crear | Knight ×2 |
| 23:57 | Crear | Knight ×5 |
| 23:57 | Crear | Knight ×5 |
| 23:58 | Crear | Knight ×3 |
| 23:58 | Crear | Knight ×3 |
| 24:15 | Crear | Knight ×4 |
| 24:15 | Crear | Knight ×4 |
| 24:15 | Crear | Knight ×4 |
| 24:19 | Construir | Stable |
| 24:20 | Construir | Stable |
| 24:30 | Crear | Knight ×5 |
| 24:31 | Crear | Knight ×5 |
| 24:31 | Crear | Knight ×3 |
| 24:31 | Crear | Knight ×3 |
| 24:46 | Crear | Knight ×4 |
| 24:47 | Crear | Knight ×4 |
| 24:47 | Crear | Knight ×4 |
| 24:48 | Crear | Knight ×4 |
| 24:48 | Crear | Knight ×4 |
| 24:48 | Crear | Knight ×4 |
| 24:57 | Crear | Knight ×4 |
| 24:58 | Crear | Knight ×4 |
| 24:58 | Crear | Knight ×4 |
| 25:23 | Crear | Knight ×5 |
| 25:23 | Crear | Knight ×5 |
| 25:23 | Crear | Knight ×5 |
| 25:23 | Crear | Knight ×5 |
| 25:24 | Crear | Knight ×2 |
| 25:36 | Construir | Stable |
| 25:37 | Construir | Stable |
| 25:44 | Crear | Knight ×5 |
| 25:44 | Crear | Knight ×5 |
| 25:44 | Crear | Knight ×5 |
| 25:45 | Crear | Knight ×5 |
| 25:45 | Crear | Knight ×5 |
| 25:46 | Crear | Knight ×5 |
| 25:46 | Crear | Knight ×5 |
| 25:46 | Crear | Knight ×5 |
| 25:46 | Crear | Knight ×5 |
| 25:47 | Crear | Knight |
| 26:16 | Crear | Knight ×5 |
| 26:16 | Crear | Knight ×5 |
| 26:16 | Crear | Knight ×5 |
| 26:17 | Crear | Knight ×5 |
Build order — DenTe_Auu
144 acciones detectadas en el replay
| 4:58 | Construir | Stone Wall |
| 5:16 | Construir | Archery Range |
| 5:20 | Construir | Archery Range |
| 7:44 | Construir | Archery Range |
| 8:04 | Construir | Archery Range |
| 9:52 | Construir | Stable |
| 9:58 | Construir | Barracks |
| 11:00 | Investigar | Bloodlines |
| 15:53 | Crear | Scout Cavalry |
| 15:53 | Crear | Scout Cavalry |
| 15:54 | Crear | Scout Cavalry |
| 15:54 | Crear | Scout Cavalry |
| 15:54 | Crear | Scout Cavalry |
| 15:54 | Crear | Scout Cavalry |
| 15:55 | Crear | Scout Cavalry |
| 15:55 | Crear | Scout Cavalry |
| 15:55 | Crear | Scout Cavalry |
| 15:55 | Crear | Scout Cavalry |
| 15:56 | Crear | Scout Cavalry |
| 15:56 | Crear | Scout Cavalry |
| 15:56 | Crear | Scout Cavalry |
| 15:56 | Crear | Scout Cavalry |
| 15:57 | Crear | Scout Cavalry |
| 15:57 | Crear | Scout Cavalry |
| 16:41 | Investigar | Light Cavalry (upgrade) |
| 16:42 | Investigar | Husbandry |
| 16:45 | Investigar | Pikeman (upgrade) |
| 16:47 | Investigar | Arson |
| 17:14 | Construir | Stone Wall |
| 18:25 | Investigar | Long Swordsman (upgrade) |
| 18:32 | Investigar | Elite Skirmisher (upgrade) |
| 18:33 | Investigar | Crossbowman (upgrade) |
| 18:45 | Crear | Cavalry Archer ×5 |
| 18:45 | Crear | Cavalry Archer ×5 |
| 18:46 | Crear | Cavalry Archer ×5 |
| 18:46 | Crear | Cavalry Archer ×5 |
| 18:46 | Crear | Cavalry Archer ×5 |
| 18:46 | Crear | Cavalry Archer ×5 |
| 18:47 | Crear | Cavalry Archer ×5 |
| 18:47 | Crear | Cavalry Archer ×5 |
| 18:47 | Crear | Cavalry Archer ×5 |
| 18:47 | Crear | Cavalry Archer ×5 |
| 18:48 | Crear | Cavalry Archer ×5 |
| 18:48 | Crear | Cavalry Archer ×5 |
| 18:48 | Crear | Cavalry Archer ×3 |
| 18:56 | Investigar | Ballistics |
| 19:00 | Investigar | Bodkin Arrow |
| 19:01 | Investigar | Chain Barding Armor |
| 19:02 | Investigar | Leather Archer Armor |
| 19:03 | Investigar | Chain Mail Armor |
| 19:04 | Investigar | Iron Casting |
| 19:11 | Investigar | Tusk Swords |
| 19:54 | Construir | Stable |
| 19:59 | Construir | Stable |
| 21:59 | Crear | Spearman |
| 21:59 | Crear | Spearman |
| 21:59 | Crear | Spearman |
| 22:00 | Crear | Spearman |
| 22:00 | Crear | Spearman |
| 22:00 | Crear | Spearman |
| 22:00 | Crear | Spearman |
| 22:01 | Crear | Spearman |
| 22:01 | Crear | Spearman |
| 22:01 | Crear | Spearman |
| 22:01 | Crear | Spearman |
| 22:01 | Crear | Spearman |
| 22:02 | Crear | Spearman |
| 22:02 | Crear | Spearman |
| 22:02 | Crear | Spearman |
| 22:03 | Crear | Spearman |
| 22:03 | Crear | Spearman |
| 24:23 | Crear | Spearman |
| 24:23 | Crear | Spearman |
| 24:23 | Crear | Spearman |
| 24:24 | Crear | Spearman |
| 24:24 | Crear | Spearman |
| 24:24 | Crear | Spearman |
| 24:24 | Crear | Spearman |
| 24:38 | Investigar | Husbandry |
| 26:13 | Crear | Cavalry Archer ×5 |
| 26:13 | Crear | Cavalry Archer ×5 |
| 26:13 | Crear | Cavalry Archer ×5 |
| 26:13 | Crear | Cavalry Archer ×5 |
| 26:14 | Crear | Cavalry Archer ×5 |
| 26:14 | Crear | Cavalry Archer ×5 |
| 26:14 | Crear | Cavalry Archer ×5 |
| 26:14 | Crear | Cavalry Archer ×5 |
| 26:15 | Crear | Cavalry Archer ×5 |
| 26:15 | Crear | Cavalry Archer ×5 |
| 26:15 | Crear | Cavalry Archer ×3 |
| 29:26 | Crear | Spearman |
| 29:26 | Crear | Spearman |
| 29:26 | Crear | Spearman |
| 29:26 | Crear | Spearman |
| 29:27 | Crear | Spearman |
| 29:27 | Crear | Spearman |
| 29:27 | Crear | Spearman |
| 29:27 | Crear | Spearman |
| 29:28 | Crear | Spearman |
| 29:28 | Crear | Spearman |
| 29:28 | Crear | Spearman |
| 29:28 | Crear | Spearman |
| 29:29 | Crear | Spearman |
| 29:29 | Crear | Spearman |
| 29:29 | Crear | Spearman |
| 29:35 | Crear | Knight |
| 29:35 | Crear | Knight |
| 29:35 | Crear | Knight |
| 29:35 | Crear | Knight |
| 29:36 | Crear | Knight |
| 29:36 | Crear | Knight |
| 29:36 | Crear | Knight |
| 29:36 | Crear | Knight |
| 29:37 | Crear | Knight |
| 29:37 | Crear | Knight |
| 29:37 | Crear | Knight |
| 29:37 | Crear | Knight |
| 29:38 | Crear | Knight |
| 29:38 | Crear | Knight |
| 29:38 | Crear | Knight |
| 29:40 | Crear | Knight ×5 |
| 29:40 | Crear | Knight ×5 |
| 29:40 | Crear | Knight ×5 |
| 29:40 | Crear | Knight ×5 |
| 29:41 | Crear | Knight ×5 |
| 29:41 | Crear | Knight ×5 |
| 29:41 | Crear | Knight ×5 |
| 29:52 | Crear | Cavalry Archer ×5 |
| 29:52 | Crear | Cavalry Archer ×5 |
| 29:53 | Crear | Cavalry Archer |
| 29:53 | Crear | Cavalry Archer |
| 30:06 | Investigar | Halberdier (upgrade) |
| 30:08 | Investigar | Two-Handed Swordsman (upgrade) |
| 30:12 | Investigar | Elite Ballista Elephant (upgrade) |
| 30:13 | Investigar | Conscription |
| 30:15 | Investigar | Spies/Treason |
| 30:21 | Investigar | Ring Archer Armor |
| 30:22 | Investigar | Bracer |
| 30:23 | Investigar | Blast Furnace |
| 30:24 | Investigar | Plate Barding Armor |
| 30:29 | Investigar | Heavy Cavalry Archer (upgrade) |
| 30:31 | Investigar | Parthian Tactics |
| 30:32 | Investigar | Imperial Skirmisher (upgrade) |
| 30:33 | Investigar | Arbalester (upgrade) |
Build order — rev (i'm him) sparks
Primeras 150 de 197 acciones detectadas
| 3:27 | Construir | Stable |
| 3:28 | Construir | Stable |
| 3:30 | Construir | Stable |
| 3:31 | Construir | Stable |
| 3:35 | Construir | Archery Range |
| 3:37 | Construir | Archery Range |
| 3:40 | Construir | Archery Range |
| 3:42 | Construir | Archery Range |
| 3:44 | Construir | Archery Range |
| 3:46 | Construir | Archery Range |
| 5:12 | Construir | Stone Wall |
| 6:07 | Construir | Stone Wall |
| 6:09 | Construir | Stone Wall |
| 6:10 | Construir | Stone Wall |
| 6:13 | Construir | Stone Wall |
| 6:14 | Construir | Stone Wall |
| 6:16 | Construir | Stone Wall |
| 6:17 | Construir | Stone Wall |
| 6:29 | Investigar | Bloodlines |
| 10:53 | Construir | Stable |
| 10:54 | Construir | Stable |
| 10:57 | Construir | Stable |
| 10:59 | Construir | Stable |
| 11:00 | Construir | Stable |
| 11:02 | Construir | Stable |
| 15:05 | Investigar | Husbandry |
| 15:28 | Crear | Knight ×5 |
| 15:29 | Crear | Knight ×5 |
| 15:29 | Crear | Knight ×5 |
| 15:29 | Crear | Knight ×5 |
| 15:30 | Crear | Knight ×5 |
| 15:30 | Crear | Knight ×5 |
| 15:30 | Crear | Knight ×5 |
| 15:31 | Crear | Knight ×5 |
| 15:31 | Crear | Knight ×5 |
| 15:31 | Crear | Knight ×5 |
| 15:31 | Crear | Knight ×5 |
| 15:32 | Crear | Knight ×5 |
| 15:32 | Crear | Knight ×5 |
| 15:32 | Crear | Knight ×5 |
| 15:33 | Crear | Knight ×5 |
| 15:33 | Crear | Knight ×5 |
| 15:33 | Crear | Knight ×5 |
| 15:34 | Crear | Knight ×5 |
| 15:34 | Crear | Knight ×5 |
| 15:34 | Crear | Knight ×5 |
| 15:34 | Crear | Knight ×5 |
| 15:35 | Crear | Knight ×5 |
| 15:37 | Investigar | Crossbowman (upgrade) |
| 15:41 | Investigar | Thumb Ring |
| 15:46 | Crear | Cavalry Archer ×5 |
| 15:46 | Crear | Cavalry Archer ×5 |
| 15:47 | Crear | Cavalry Archer ×5 |
| 15:47 | Crear | Cavalry Archer ×5 |
| 15:47 | Crear | Cavalry Archer ×5 |
| 15:48 | Crear | Cavalry Archer ×5 |
| 15:48 | Crear | Cavalry Archer ×5 |
| 15:48 | Crear | Cavalry Archer ×5 |
| 15:48 | Crear | Cavalry Archer ×5 |
| 15:49 | Crear | Cavalry Archer ×5 |
| 15:49 | Crear | Cavalry Archer ×5 |
| 15:49 | Crear | Cavalry Archer ×5 |
| 15:49 | Crear | Cavalry Archer ×5 |
| 15:50 | Crear | Cavalry Archer ×5 |
| 15:50 | Crear | Cavalry Archer ×5 |
| 15:50 | Crear | Cavalry Archer ×5 |
| 15:51 | Crear | Cavalry Archer ×5 |
| 15:51 | Crear | Cavalry Archer ×5 |
| 15:51 | Crear | Cavalry Archer ×5 |
| 15:59 | Investigar | Chatras |
| 16:05 | Investigar | Leather Archer Armor |
| 16:06 | Investigar | Bodkin Arrow |
| 16:07 | Investigar | Chain Barding Armor |
| 16:07 | Investigar | Chain Mail Armor |
| 16:08 | Investigar | Iron Casting |
| 16:11 | Investigar | Ballistics |
| 16:12 | Investigar | Guard Tower (upgrade) |
| 16:13 | Investigar | Treadmill Crane |
| 16:14 | Investigar | Tech 908 |
| 16:14 | Investigar | Careening |
| 17:44 | Crear | Knight ×5 |
| 17:44 | Crear | Knight ×5 |
| 17:45 | Crear | Knight ×5 |
| 17:45 | Crear | Knight ×5 |
| 17:45 | Crear | Knight ×5 |
| 17:46 | Crear | Knight ×5 |
| 17:46 | Crear | Knight ×5 |
| 17:46 | Crear | Knight ×2 |
| 18:52 | Crear | Knight ×5 |
| 18:52 | Crear | Knight ×5 |
| 18:52 | Crear | Knight ×5 |
| 18:53 | Crear | Knight ×5 |
| 18:58 | Crear | Cavalry Archer ×5 |
| 18:59 | Crear | Cavalry Archer ×5 |
| 18:59 | Crear | Cavalry Archer ×5 |
| 18:59 | Crear | Cavalry Archer ×5 |
| 19:00 | Crear | Cavalry Archer ×5 |
| 19:00 | Crear | Cavalry Archer ×5 |
| 19:00 | Crear | Cavalry Archer ×5 |
| 19:01 | Crear | Cavalry Archer ×5 |
| 20:28 | Investigar | Elite Battle Elephant (upgrade) |
| 20:33 | Investigar | Spies/Treason |
| 20:34 | Investigar | Paper Money |
| 20:37 | Investigar | Sappers |
| 20:40 | Investigar | Tech 621 |
| 20:46 | Investigar | Chemistry |
| 20:48 | Investigar | Arrowslits |
| 20:48 | Investigar | Keep (upgrade) |
| 20:49 | Investigar | Siege Engineers |
| 20:50 | Investigar | Dry Dock |
| 20:51 | Investigar | Tech 907 |
| 20:54 | Investigar | Plate Mail Armor |
| 20:55 | Investigar | Plate Barding Armor |
| 20:56 | Investigar | Ring Archer Armor |
| 20:56 | Investigar | Bracer |
| 21:43 | Investigar | Cavalier (upgrade) |
| 21:49 | Crear | Battle Elephant ×5 |
| 21:49 | Crear | Battle Elephant ×5 |
| 21:50 | Crear | Battle Elephant ×5 |
| 21:50 | Crear | Battle Elephant ×5 |
| 21:50 | Crear | Battle Elephant ×5 |
| 21:50 | Crear | Battle Elephant ×5 |
| 21:51 | Crear | Battle Elephant ×5 |
| 21:51 | Crear | Battle Elephant ×5 |
| 21:51 | Crear | Battle Elephant ×5 |
| 21:52 | Crear | Battle Elephant ×5 |
| 21:52 | Crear | Battle Elephant ×5 |
| 21:52 | Crear | Battle Elephant ×5 |
| 22:06 | Investigar | Heavy Cavalry Archer (upgrade) |
| 22:13 | Crear | Cavalry Archer ×5 |
| 22:13 | Crear | Cavalry Archer ×5 |
| 22:13 | Crear | Cavalry Archer ×5 |
| 22:14 | Crear | Cavalry Archer ×5 |
| 22:14 | Crear | Cavalry Archer ×5 |
| 22:14 | Crear | Cavalry Archer ×5 |
| 22:15 | Crear | Cavalry Archer ×5 |
| 22:15 | Crear | Cavalry Archer ×5 |
| 24:10 | Crear | Knight ×5 |
| 24:11 | Crear | Knight ×5 |
| 24:11 | Crear | Knight ×5 |
| 24:11 | Crear | Knight ×5 |
| 24:12 | Crear | Knight ×5 |
| 24:12 | Crear | Knight ×5 |
| 24:12 | Crear | Knight ×5 |
| 24:13 | Crear | Knight ×5 |
| 24:13 | Crear | Knight ×5 |
| 24:24 | Crear | Cavalry Archer ×5 |
| 24:24 | Crear | Cavalry Archer ×5 |
| 24:24 | Crear | Cavalry Archer ×5 |
| 24:25 | Crear | Cavalry Archer |
Build order — Sgto_Cabral
128 acciones detectadas en el replay
| 6:16 | Construir | Archery Range |
| 6:19 | Construir | Archery Range |
| 6:21 | Construir | Archery Range |
| 6:23 | Construir | Archery Range |
| 9:33 | Construir | Archery Range |
| 9:35 | Construir | Archery Range |
| 9:40 | Construir | Archery Range |
| 9:41 | Construir | Archery Range |
| 9:45 | Construir | Stable |
| 9:46 | Construir | Stable |
| 9:48 | Construir | Stable |
| 9:50 | Construir | Stable |
| 9:52 | Construir | Stable |
| 9:54 | Construir | Stable |
| 9:55 | Construir | Stable |
| 9:56 | Construir | Stable |
| 11:14 | Construir | Stone Wall |
| 13:20 | Crear | Archer ×5 |
| 13:23 | Crear | Archer ×5 |
| 14:10 | Crear | Archer |
| 14:10 | Crear | Archer |
| 14:10 | Crear | Archer |
| 14:11 | Crear | Archer |
| 14:11 | Crear | Archer |
| 14:11 | Crear | Archer |
| 14:12 | Crear | Archer |
| 14:12 | Crear | Archer |
| 14:12 | Crear | Archer |
| 14:13 | Crear | Archer |
| 14:13 | Crear | Archer |
| 14:13 | Crear | Archer |
| 14:14 | Crear | Archer |
| 14:14 | Crear | Archer |
| 14:14 | Crear | Archer |
| 15:30 | Investigar | Greek Fire |
| 15:30 | Investigar | Greek Fire |
| 15:34 | Crear | Cavalry Archer ×5 |
| 15:34 | Crear | Cavalry Archer ×5 |
| 15:34 | Crear | Cavalry Archer ×5 |
| 15:35 | Crear | Cavalry Archer ×5 |
| 15:35 | Crear | Cavalry Archer ×5 |
| 15:35 | Crear | Cavalry Archer ×5 |
| 15:36 | Crear | Cavalry Archer ×5 |
| 15:36 | Crear | Cavalry Archer ×5 |
| 15:37 | Crear | Cavalry Archer ×5 |
| 15:37 | Crear | Cavalry Archer ×5 |
| 15:37 | Crear | Cavalry Archer ×5 |
| 15:38 | Crear | Cavalry Archer ×5 |
| 15:38 | Crear | Cavalry Archer ×5 |
| 15:38 | Crear | Cavalry Archer ×5 |
| 15:39 | Crear | Cavalry Archer ×5 |
| 15:39 | Crear | Cavalry Archer ×5 |
| 15:39 | Crear | Cavalry Archer ×5 |
| 15:40 | Crear | Cavalry Archer ×5 |
| 15:40 | Crear | Cavalry Archer ×5 |
| 15:41 | Crear | Cavalry Archer ×5 |
| 15:41 | Crear | Cavalry Archer ×5 |
| 15:42 | Crear | Cavalry Archer ×4 |
| 16:09 | Crear | Cavalry Archer |
| 16:10 | Crear | Cavalry Archer |
| 16:12 | Crear | Cavalry Archer ×3 |
| 16:12 | Crear | Cavalry Archer ×3 |
| 16:28 | Investigar | Husbandry |
| 16:28 | Investigar | Husbandry |
| 16:29 | Crear | Camel Scout ×5 |
| 16:30 | Crear | Camel Scout ×5 |
| 16:30 | Crear | Camel Scout ×5 |
| 16:30 | Crear | Camel Scout ×4 |
| 16:57 | Investigar | Leather Archer Armor |
| 16:58 | Investigar | Chain Barding Armor |
| 16:59 | Investigar | Bodkin Arrow |
| 16:59 | Investigar | Iron Casting |
| 18:32 | Crear | Camel Scout ×5 |
| 18:32 | Crear | Camel Scout ×5 |
| 18:32 | Crear | Camel Scout ×5 |
| 18:33 | Crear | Camel Scout ×5 |
| 18:33 | Crear | Camel Scout ×4 |
| 19:02 | Crear | Camel Scout ×3 |
| 19:02 | Crear | Camel Scout ×3 |
| 19:56 | Investigar | Treadmill Crane |
| 19:57 | Investigar | Treadmill Crane |
| 19:58 | Investigar | Ballistics |
| 19:58 | Investigar | Ballistics |
| 19:59 | Investigar | Guard Tower (upgrade) |
| 20:07 | Crear | Camel Scout |
| 20:07 | Crear | Camel Scout |
| 20:08 | Crear | Camel Scout ×5 |
| 20:08 | Crear | Camel Scout ×5 |
| 20:08 | Crear | Camel Scout ×5 |
| 20:09 | Crear | Camel Scout ×5 |
| 20:09 | Crear | Camel Scout ×4 |
| 21:54 | Investigar | Thumb Ring |
| 21:54 | Investigar | Thumb Ring |
| 21:56 | Crear | Cavalry Archer ×5 |
| 21:57 | Crear | Cavalry Archer ×5 |
| 21:57 | Crear | Cavalry Archer ×5 |
| 21:58 | Crear | Cavalry Archer ×5 |
| 21:58 | Crear | Cavalry Archer ×5 |
| 21:58 | Crear | Cavalry Archer ×5 |
| 21:59 | Crear | Cavalry Archer ×5 |
| 21:59 | Crear | Cavalry Archer ×5 |
| 21:59 | Crear | Cavalry Archer ×5 |
| 22:00 | Crear | Cavalry Archer ×5 |
| 22:00 | Crear | Cavalry Archer ×5 |
| 22:08 | Crear | Camel Scout |
| 22:08 | Crear | Camel Scout |
| 22:09 | Crear | Knight |
| 22:09 | Crear | Camel Scout |
| 22:10 | Crear | Camel Scout |
| 22:10 | Crear | Camel Scout ×5 |
| 22:10 | Crear | Camel Scout ×5 |
| 22:11 | Crear | Camel Scout ×5 |
| 22:11 | Crear | Camel Scout ×5 |
| 22:11 | Crear | Camel Scout ×5 |
| 22:12 | Crear | Camel Scout ×5 |
| 22:13 | Crear | Camel Scout |
| 22:13 | Crear | Camel Scout |
| 26:53 | Investigar | Heavy Cavalry Archer (upgrade) |
| 26:53 | Investigar | Heavy Cavalry Archer (upgrade) |
| 27:02 | Crear | Cavalry Archer |
| 27:03 | Crear | Cavalry Archer |
| 27:04 | Crear | Cavalry Archer ×5 |
| 27:04 | Crear | Cavalry Archer ×5 |
| 27:04 | Crear | Cavalry Archer ×5 |
| 27:05 | Crear | Cavalry Archer ×5 |
| 27:05 | Crear | Cavalry Archer ×5 |
| 27:05 | Crear | Cavalry Archer ×5 |
| 27:06 | Crear | Cavalry Archer ×5 |
Build order — Pipemns95
Primeras 150 de 400 acciones detectadas
| 10:06 | Construir | Archery Range |
| 10:10 | Construir | Archery Range |
| 10:14 | Construir | Archery Range |
| 10:19 | Construir | Archery Range |
| 13:21 | Crear | Elephant Archer |
| 13:22 | Crear | Elephant Archer |
| 13:22 | Crear | Elephant Archer |
| 13:22 | Crear | Elephant Archer |
| 13:22 | Crear | Elephant Archer |
| 13:23 | Crear | Elephant Archer |
| 13:23 | Crear | Elephant Archer |
| 13:23 | Crear | Elephant Archer |
| 13:24 | Crear | Elephant Archer |
| 13:24 | Crear | Elephant Archer |
| 13:24 | Crear | Elephant Archer |
| 13:25 | Crear | Elephant Archer |
| 13:25 | Crear | Elephant Archer |
| 13:25 | Crear | Elephant Archer |
| 13:26 | Crear | Elephant Archer |
| 13:26 | Crear | Elephant Archer |
| 13:26 | Crear | Elephant Archer |
| 13:27 | Crear | Elephant Archer |
| 13:27 | Crear | Elephant Archer |
| 13:27 | Crear | Elephant Archer |
| 13:28 | Crear | Elephant Archer |
| 13:28 | Crear | Elephant Archer |
| 13:29 | Crear | Elephant Archer |
| 13:29 | Crear | Elephant Archer |
| 13:29 | Crear | Elephant Archer |
| 13:30 | Crear | Elephant Archer |
| 13:30 | Crear | Elephant Archer |
| 13:30 | Crear | Elephant Archer |
| 13:31 | Crear | Elephant Archer |
| 13:31 | Crear | Elephant Archer |
| 13:32 | Crear | Elephant Archer |
| 13:32 | Crear | Elephant Archer |
| 13:32 | Crear | Elephant Archer |
| 13:33 | Crear | Elephant Archer |
| 13:33 | Crear | Elephant Archer |
| 13:34 | Crear | Elephant Archer |
| 13:34 | Crear | Elephant Archer |
| 13:34 | Crear | Elephant Archer |
| 13:35 | Crear | Elephant Archer |
| 13:35 | Crear | Elephant Archer |
| 13:35 | Crear | Elephant Archer |
| 13:36 | Crear | Elephant Archer |
| 13:36 | Crear | Elephant Archer |
| 13:36 | Crear | Elephant Archer |
| 13:37 | Crear | Elephant Archer |
| 13:37 | Crear | Elephant Archer |
| 13:38 | Crear | Elephant Archer |
| 13:38 | Crear | Elephant Archer |
| 13:38 | Crear | Elephant Archer |
| 13:39 | Crear | Elephant Archer |
| 13:39 | Crear | Elephant Archer |
| 13:39 | Crear | Elephant Archer |
| 13:40 | Crear | Elephant Archer |
| 13:40 | Crear | Elephant Archer |
| 13:41 | Crear | Elephant Archer |
| 13:41 | Crear | Elephant Archer |
| 13:41 | Crear | Elephant Archer |
| 13:42 | Crear | Elephant Archer |
| 13:42 | Crear | Elephant Archer |
| 13:43 | Crear | Elephant Archer |
| 13:43 | Crear | Elephant Archer |
| 13:50 | Investigar | Iron Casting |
| 13:51 | Investigar | Chain Mail Armor |
| 13:51 | Investigar | Chain Barding Armor |
| 13:51 | Investigar | Bodkin Arrow |
| 13:52 | Investigar | Leather Archer Armor |
| 13:57 | Investigar | Ballistics |
| 14:11 | Construir | Archery Range |
| 14:18 | Construir | Archery Range |
| 14:24 | Construir | Archery Range |
| 14:28 | Construir | Archery Range |
| 15:41 | Investigar | Thumb Ring |
| 15:51 | Crear | Elephant Archer |
| 15:51 | Crear | Elephant Archer |
| 15:52 | Crear | Elephant Archer |
| 15:52 | Crear | Elephant Archer |
| 15:52 | Crear | Elephant Archer |
| 15:53 | Crear | Elephant Archer |
| 15:53 | Crear | Elephant Archer |
| 15:54 | Crear | Elephant Archer |
| 15:54 | Crear | Elephant Archer |
| 15:55 | Crear | Elephant Archer |
| 15:55 | Crear | Elephant Archer |
| 15:55 | Crear | Elephant Archer |
| 15:56 | Crear | Elephant Archer |
| 15:56 | Crear | Elephant Archer |
| 15:57 | Crear | Elephant Archer |
| 15:57 | Crear | Elephant Archer |
| 15:57 | Crear | Elephant Archer |
| 15:58 | Crear | Elephant Archer |
| 15:58 | Crear | Elephant Archer |
| 15:59 | Crear | Elephant Archer |
| 15:59 | Crear | Elephant Archer |
| 16:00 | Crear | Elephant Archer |
| 16:00 | Crear | Elephant Archer |
| 16:00 | Crear | Elephant Archer |
| 16:01 | Crear | Elephant Archer |
| 16:01 | Crear | Elephant Archer |
| 16:02 | Crear | Elephant Archer |
| 16:02 | Crear | Elephant Archer |
| 16:03 | Crear | Elephant Archer |
| 16:03 | Crear | Elephant Archer |
| 16:03 | Crear | Elephant Archer |
| 16:04 | Crear | Elephant Archer |
| 16:54 | Crear | Elephant Archer |
| 16:54 | Crear | Elephant Archer |
| 16:55 | Crear | Elephant Archer |
| 16:55 | Crear | Elephant Archer |
| 16:55 | Crear | Elephant Archer |
| 16:56 | Crear | Elephant Archer |
| 16:56 | Crear | Elephant Archer |
| 16:56 | Crear | Elephant Archer |
| 16:57 | Crear | Elephant Archer |
| 16:57 | Crear | Elephant Archer |
| 16:58 | Crear | Elephant Archer |
| 16:58 | Crear | Elephant Archer |
| 16:58 | Crear | Elephant Archer |
| 16:59 | Crear | Elephant Archer |
| 16:59 | Crear | Elephant Archer |
| 17:00 | Crear | Elephant Archer |
| 17:00 | Crear | Elephant Archer |
| 17:00 | Crear | Elephant Archer |
| 17:01 | Crear | Elephant Archer |
| 17:01 | Crear | Elephant Archer |
| 17:02 | Crear | Elephant Archer |
| 17:02 | Crear | Elephant Archer |
| 17:03 | Crear | Elephant Archer |
| 17:03 | Crear | Elephant Archer |
| 17:04 | Crear | Elephant Archer |
| 17:04 | Crear | Elephant Archer |
| 17:05 | Crear | Elephant Archer |
| 17:05 | Crear | Elephant Archer |
| 17:06 | Crear | Elephant Archer |
| 17:06 | Crear | Elephant Archer |
| 17:06 | Crear | Elephant Archer |
| 17:07 | Crear | Elephant Archer |
| 17:07 | Crear | Elephant Archer |
| 19:49 | Crear | Elephant Archer |
| 19:49 | Crear | Elephant Archer |
| 19:50 | Crear | Elephant Archer |
| 19:50 | Crear | Elephant Archer |
| 19:50 | Crear | Elephant Archer |
| 19:51 | Crear | Elephant Archer |
| 19:51 | Crear | Elephant Archer |
| 19:52 | Crear | Elephant Archer |
| 19:52 | Crear | Elephant Archer |
Cronología de la partida
| 3:27 | rev (i'm him) sparks · first_building Stable |
| 3:35 | rev (i'm him) sparks · first_building Archery Range |
| 4:58 | DenTe_Auu · wall_segment Stone Wall x13 |
| 5:12 | rev (i'm him) sparks · wall_segment Stone Wall x4 |
| 5:16 | DenTe_Auu · first_building Archery Range |
| 6:07 | rev (i'm him) sparks · wall_segment Stone Wall x1 |
| 6:09 | rev (i'm him) sparks · wall_segment Stone Wall x1 |
| 6:10 | rev (i'm him) sparks · wall_segment Stone Wall x1 |
| 6:13 | rev (i'm him) sparks · wall_segment Stone Wall x1 |
| 6:13 | ♡AShyBunny♡ · first_building Stable |
| 6:14 | rev (i'm him) sparks · wall_segment Stone Wall x1 |
| 6:16 | rev (i'm him) sparks · wall_segment Stone Wall x1 |
| 6:16 | Sgto_Cabral · first_building Archery Range |
| 6:17 | rev (i'm him) sparks · wall_segment Stone Wall x1 |
| 9:45 | Sgto_Cabral · first_building Stable |
| 9:52 | DenTe_Auu · first_building Stable |
| 9:58 | DenTe_Auu · first_building Barracks |
| 10:06 | Pipemns95 · first_building Archery Range |
| 11:14 | Sgto_Cabral · wall_segment Stone Wall x14 |
| 12:42 | MAYONESA · first_building Stable |
| 17:14 | DenTe_Auu · wall_segment Stone Wall x7 |
| 19:37 | ♡AShyBunny♡ · first_building Siege Workshop |
| 19:49 | Plakoso · first_building Archery Range |
| 20:26 | I'M BETTER_ F U Bihhh · first_building Stable |
| 20:51 | I'M BETTER_ F U Bihhh · first_building Archery Range |
| 29:11 | rev (i'm him) sparks · resign |
[ ANÁLISIS IA · 1 CRÉDITO ]
¿Qué pasó realmente en esta partida?
Wolo.gg analiza cada decisión: build order, eco, micro, errores típicos por bracket. Análisis personalizado por WhatsApp o Discord en 30 segundos.
Guía civ
Magiares
Perfil
Jugador #1229686